Map: Automaton LE

Players

RexRequired - Winner!

  • Race: Zerg Zerg
  • Spawn Location: 3:00

Rook

  • Race: Terran Terran
  • League: Diamond
  • Spawn Location: 9:00

VOD

Have the link to the VOD?

Description

Time

  • Played on: March 2, 2019, 4:08 p.m.
  • Length: 11:54
Show
View Real Time Build Order
Export as new Build Order

RexRequired Zerg - Winner!

Build Orders: Hatch First 

Get SALT Encoding   

  12  0:01  Drone  
  13  0:13  Overlord  
  13  0:18  Drone  
  14  0:32  Drone x2  
  16  0:51  Hatchery  
  16  0:53  Drone  
  16  0:57  Drone  
  16  1:00  Drone  
  18  1:08  Extractor  
  17  1:17  Spawning Pool  
  16  1:19  Drone  
  16  1:23  Drone  
  18  1:29  Drone  
  19  1:42  Overlord  
  19  2:01  Drone  
  20  2:04  Queen x2  
  20  2:05  Zergling x4  
  26  2:15  Metabolic Boost  
  26  2:17  Drone x2  
  28  2:30  Drone  
  28  2:31  Drone  
  30  2:37  Overlord  
  30  2:39  Drone  
  31  2:47  Drone x2, Queen  
  35  3:01  Drone x2  
  37  3:08  Hatchery  
  37  3:12  Drone x2  
  38  3:19  Drone  
  39  3:20  Overlord, Drone  
  39  3:23  Drone  
  41  3:27  Queen  
  43  3:35  Drone  
  44  3:46  Drone  
  45  3:50  Overlord x2  
  45  3:51  Zergling x8  
  49  3:56  Lair  
  49  4:05  Queen  
  51  4:11  Baneling Nest  
  50  4:24  Queen  
  50  4:26  Drone x7  
  59  4:41  Drone x4  
  59  4:42  Drone x3  
  59  4:45  Overlord x2  
  66  5:00  Queen  
  66  5:02  Centrifical Hooks  
  64  5:24  Drone x11  
  64  5:25  Drone x2  
  77  5:30  Hatchery  
  76  5:37  Hatchery  
  75  5:49  Extractor  
  74  5:50  Extractor  
  74  5:51  Drone  
  74  5:52  Drone x7  
  74  5:57  Hydralisk Den  
  80  5:58  Extractor  
  80  5:59  Extractor  
  78  6:11  Evolution Chamber  
  77  6:13  Evolution Chamber  
  76  6:18  Drone  
  76  6:19  Drone x4  
  76  6:22  Overlord x3  
  81  6:30  Overlord  
  81  6:31  Overlord  
  81  6:43  Zerg Melee Weapons Level 1  
  81  6:44  Zerg Ground Armor Level 1, Zergling x24  
  81  6:45  Zergling x2  
  81  6:46  Baneling x7  
  94  6:53  Drone x3  
  97  6:54  Overlord x2  
  97  7:06  Spore Crawler  
  97  7:08  Drone x3  
  99  7:10  Zergling x12  
  99  7:12  Grooved Spines  
  105  7:16  Drone  
  105  7:17  Infestation Pit  
  105  7:31  Zergling x26  
  118  7:41  Overlord  
  118  7:42  Overlord x6  
  118  7:56  Hydralisk  
  118  7:57  Hydralisk x8  
  136  8:05  Drone x3  
  138  8:06  Drone x5  
  142  8:20  Baneling x10  
  142  8:24  Muscular Augments  
  142  8:25  Hatchery  
  141  8:27  Hydralisk x6  
  141  8:31  Zergling x18  
  162  8:40  Hive  
  162  8:47  Extractor  
  161  8:48  Extractor  
  160  9:01  Zerg Ground Armor Level 2  
  160  9:03  Overlord  
  160  9:05  Overseer  
  160  9:07  Zergling x28  
  160  9:08  Zergling x16  
  182  9:17  Zerg Melee Weapons Level 2  
  182  9:23  Extractor  
  181  9:24  Drone x2  
  181  9:25  Drone x4  
  181  9:28  Baneling  
  181  9:29  Baneling x12  
  181  9:30  Zergling x16  
  195  9:35  Overseer  
  195  10:10  Zergling x12  
  200  10:22  Spore Crawler x2  
  200  10:24  Overlord x2  
  165  10:57  Zergling x18  
  165  10:58  Zergling x52  
  165  11:04  Ultralisk Cavern  
  199  11:08  Spire  
  198  11:15  Queen  
  200  11:26  Overseer  
Show
View Real Time Build Order
Export as new Build Order

Rook Terran 

Build Orders: Liberator Opening, Reaper Expand 

Get SALT Encoding   

  12  0:00  SCV  
  13  0:13  SCV  
  14  0:18  Supply Depot  
  14  0:25  SCV  
  15  0:40  SCV  
  15  0:42  Barracks  
  16  0:46  Refinery  
  16  0:52  SCV  
  17  1:04  SCV  
  18  1:16  SCV  
  19  1:29  Orbital Command  
  19  1:30  Reaper  
  20  1:49  Command Center  
  20  1:58  Supply Depot  
  20  1:59  SCV  
  21  2:04  Marine  
  22  2:13  Factory  
  22  2:16  SCV  
  23  2:26  Refinery  
  23  2:28  Barracks Reactor  
  23  2:37  SCV  
  24  2:49  SCV  
  25  3:01  SCV  
  25  3:05  Starport  
  26  3:07  Orbital Command  
  26  3:08  Hellion x2  
  30  3:13  SCV  
  31  3:20  Barracks Tech Lab  
  31  3:26  SCV  
  32  3:27  Liberator  
  32  3:34  SCV  
  33  3:36  Hellion x2  
  37  3:44  Supply Depot  
  37  3:46  SCV  
  41  3:49  Stimpack  
  41  3:51  SCV  
  42  3:58  Hellion  
  42  3:59  Hellion  
  46  4:05  SCV  
  47  4:12  Supply Depot, SCV  
  48  4:19  SCV  
  49  4:31  Factory Tech Lab  
  49  4:34  SCV x2  
  49  4:36  Command Center  
  49  4:38  Supply Depot  
  51  4:40  Barracks  
  51  4:44  Barracks  
  51  4:50  SCV x2  
  51  4:51  Starport Reactor  
  53  4:57  Siege Tank  
  56  5:06  SCV x2  
  58  5:07  Marine  
  57  5:18  SCV x2  
  52  5:26  Engineering Bay x2  
  52  5:27  Supply Depot  
  48  5:30  SCV x2  
  48  5:31  Refinery  
  48  5:33  Marine x2, Refinery  
  52  5:36  Marine  
  52  5:39  Siege Tank  
  56  5:43  Starport Reactor  
  56  5:44  SCV x2  
  58  5:51  Orbital Command  
  58  5:54  Terran Infantry Weapons Level 1  
  58  5:55  Terran Infantry Armor Level 1  
  58  5:58  SCV x2  
  58  6:03  Marine x3  
  58  6:04  Marine x2  
  64  6:10  Combat Shield, SCV x2  
  67  6:14  Siege Tank  
  67  6:18  Orbital Command  
  70  6:25  Marine, Supply Depot, SCV x2  
  72  6:26  Marine x4, Supply Depot  
  72  6:29  Medivac  
  79  6:38  SCV  
  79  6:39  SCV  
  81  6:40  Medivac  
  81  6:45  Barracks  
  81  6:46  Barracks  
  83  6:50  SCV  
  83  6:51  Marine x4, SCV  
  89  6:56  Siege Tank  
  92  7:02  Supply Depot  
  92  7:05  SCV  
  92  7:06  SCV x2  
  92  7:07  Marine  
  92  7:08  Supply Depot  
  96  7:12  Armory  
  96  7:14  Medivac x2  
  100  7:15  Marine x2  
  102  7:24  SCV x3  
  102  7:25  Marine x2  
  102  7:26  Marine  
  102  7:28  Siege Tank  
  111  7:33  Supply Depot  
  111  7:36  SCV x3  
  114  7:40  Supply Depot, Barracks Reactor x2  
  114  7:44  Marine x2  
  114  7:45  Marine x3  
  114  7:46  Medivac x2  
  123  7:59  Refinery  
  123  8:00  Siege Tank  
  123  8:03  SCV  
  123  8:04  SCV x2  
  125  8:21  SCV  
  125  8:22  SCV x2, Terran Infantry Weapons Level 2  
  125  8:23  Marine x2  
  125  8:24  Marine x7  
  137  8:30  Supply Depot  
  137  8:32  Supply Depot  
  137  8:36  Command Center  
  137  8:37  Siege Tank  
  140  8:41  Marine  
  140  8:44  Terran Infantry Armor Level 2  
  140  8:48  Refinery  
  141  8:51  Marine x2, Medivac, SCV x3  
  141  8:52  Marine  
  141  8:53  Marine x5  
  154  9:02  Supply Depot x2  
  154  9:07  SCV x2  
  154  9:08  SCV  
  154  9:09  Marine x4  
  160  9:10  Siege Tank  
  160  9:11  Marine  
  160  9:14  Terran Vehicle Weapons Level 1  
  165  9:23  Marine  
  166  9:33  SCV x3  
  166  9:42  Barracks  
  166  9:43  Barracks x2  
  166  9:45  SCV x2  
  168  10:00  Marine  
  168  10:01  Marine x8  
  168  10:02  Medivac x2, Siege Tank  
  184  10:18  Marine  
  184  10:19  Marine x3  
  188  10:23  Marine x3  
  188  10:34  Widow Mine  
  190  10:36  Marine, Barracks Tech Lab  
  190  10:37  Barracks Tech Lab x2, Marauder  
  193  10:46  Marine x3  
  193  10:48  Marine  
  191  10:53  Liberator x2  
  140  10:57  Planetary Fortress  
  140  11:03  Marine x4, Marauder x4  
  140  11:04  Marine x2, Siege Tank  
  161  11:14  SCV x2  
  161  11:15  SCV, Fusion Core, Starport x2  
  164  11:20  Command Center  
  164  11:22  Marine x2, Command Center  
  164  11:23  Marine x4  
  164  11:24  Marauder x4  
Tags
 
Add a new tag
Caveats
  • Supply blocks, unpowered buildings, or Contaminate may cause inaccurate times.
  • Supply counts are checked every 10 seconds.